 Dungeon Crawl Stone Soup version 0.20.0-10-g0535bb4 (webtiles) character file.

3889 dvd the Basher (level 10, 0/63 HPs)
             Began as a Gargoyle Berserker on June 3, 2017.
             Was an Elder of Trog.
             Slain by a two-headed ogre
             ... wielding a +0 giant club
              (21 damage)
             ... on level 8 of the Dungeon.
             The game lasted 00:15:54 (6397 turns).

dvd the Basher (Gargoyle Berserker)                 Turns: 6397, Time: 00:15:54

Health: 0/63       AC: 25    Str: 22    XL:     10   Next: 19%
Magic:  10/10      EV: 14    Int:  7    God:    Trog [****..]
Gold:   368        SH:  5    Dex: 12    Spells: 9/9 levels left

rFire    + . .     SeeInvis .   a - +5 flail (protect)
rCold    . . .     Gourm    .   g - +0 buckler
rNeg     + . .     Faith    .   M - +2 robe {rF+}
rPois    ∞         Spirit   .   t - +0 helmet
rElec    +         Reflect  .   S - +0 cloak
rCorr    .         Harm     +   F - +0 pair of gloves
MR       .....                  (no boots)
Stlth    ++........             W - amulet of harm
Regen    0.2/turn               j - +3 ring of protection
MPRegen  0.2/turn               (no ring)

@: protection aura
A: negative energy resistance 1, electricity resistance, unbreathing,
petrification resistance, rot immunity, AC +7
a: Berserk, Trog's Hand, Brothers in Arms, Burn Spellbooks, Renounce Religion


You were on level 8 of the Dungeon.
You worshipped Trog.
Trog was greatly pleased with you.
You were not hungry.

You visited 2 branches of the dungeon, and saw 9 of its levels.

You collected 368 gold pieces.

Inventory:

Hand Weapons
 a - a +5 flail of protection (weapon)
 G - a +0 war axe
 I - a +1 whip of freezing
 K - the +6 glaive of dvd's Extinguishment {protect, Int+2 Dex+2}
   (You found it on level 5 of the Dungeon)

   It protects the one who uses it against injury (+AC on strike).
   It affects your intelligence (+2).
   It affects your dexterity (+2).
 P - a +1 war axe of chopping
 R - a +4 quarterstaff of chaos
 T - a +0 whip of venom
Armour
 g - a +0 buckler (worn)
 t - a +0 helmet (worn)
 F - a +0 pair of gloves (worn)
 J - a +0 scale mail
 M - a +2 robe of fire resistance (worn)
 N - a +1 robe of cold resistance
 S - a +0 cloak (worn)
Jewellery
 j - a +3 ring of protection (left hand)
 s - an uncursed amulet of magic regeneration
 W - an amulet of harm (around neck)
Wands
 B - a wand of iceblast (6/15)
 C - a wand of scattershot (4/9)
 L - a wand of flame (25/48)
 O - a wand of lightning (7/15)
 Q - a wand of iceblast (4/15)
Scrolls
 d - 6 scrolls of remove curse {unknown}
 e - 2 scrolls of fear {unknown}
 h - a scroll of noise {unknown}
 i - 5 scrolls of amnesia {unknown}
 k - 3 scrolls of immolation {unknown}
 m - 2 scrolls of enchant weapon {unknown}
 n - 2 scrolls of fog {unknown}
 r - 8 scrolls of identify {unknown}
 v - 2 scrolls of recharging {unknown}
 y - 3 scrolls of enchant armour {unknown}
 D - a scroll of magic mapping {unknown}
 H - 3 scrolls of teleportation {unknown}
 V - a scroll of blinking {unknown}
Potions
 b - a potion of berserk rage {unknown}
 l - 2 potions of mutation {unknown}
 o - 2 potions of lignification {unknown}
 p - 3 potions of curing {unknown}
 q - 3 potions of heal wounds
 u - 2 potions of resistance {unknown}
 w - a potion of haste
 x - 2 potions of brilliance {unknown}
 A - 2 potions of flight {unknown}
 E - a potion of ambrosia {unknown}
Comestibles
 c - 4 bread rations
 f - 6 meat rations
 z - 3 royal jellies
 U - 5 chunks of flesh


   Skills:
 + Level 7.1 Fighting
 + Level 10.2 Maces & Flails
 + Level 6.2 Armour
 + Level 4.6 Dodging
 + Level 1.4 Stealth
 + Level 4.7 Shields


You had 9 spell levels left.
You didn't know any spells.

Dungeon Overview and Level Annotations

Branches:
Dungeon (8/15)             Temple (1/1) D:6
   Lair: D:8-11

Altars:
Ashenzari
Cheibriados
Dithmenos
Elyvilon
Fedhas
Gozag
Hepliaklqana
Kikubaaqudgha
Makhleb
Nemelex Xobeh
Okawaru
Qazlal
Ru
Sif Muna
Trog
Uskayaw
Vehumet
Xom
Yredelemnul
Zin
The Shining One

Shops:
D:7 :


Innate Abilities, Weirdness & Mutations

You are resistant to torment.
Your stone body is resilient. (AC +7)
You are immune to poison.
You resist negative energy. (rN+)
You are resistant to electric shocks. (rElec)
You can survive without breathing.
You are immune to petrification.
You are immune to rotting.


Message History

Unknown command.
Found a stone staircase leading down.
A two-headed ogre comes into view.
It is wielding a giant club and a giant spiked club.
There is an open door here.
The two-headed ogre hits you with a giant club!
The two-headed ogre barely misses you.
You barely miss the two-headed ogre.
The two-headed ogre hits you but does no damage.
The two-headed ogre closely misses you.
You hit the two-headed ogre.
Your weapon exudes an aura of protection.
The two-headed ogre is lightly wounded.
You bludgeon the two-headed ogre!!
The two-headed ogre is severely wounded.
The two-headed ogre hits you with a giant club!
The two-headed ogre hits you with a giant spiked club!
You completely miss the two-headed ogre.
The two-headed ogre is severely wounded.
The two-headed ogre hits you with a giant club!!
You die...

#.........#....#..#
#.........#....#..#
'...##....#....#..#
##'###....#....#..#
.#..##....#....#..#
.#..+.....#....'..#
.#..##....#....#..#
.#..##....#....#..#
.#..#.....+....#@.#
.#..+.....#....#O.#
.#### #....#..# ..
.....#..#
......#..# #..#
#..# #..#


You could see a two-headed ogre.

Vanquished Creatures
  Pikel (D:6)
  The ghost of newuser the Skirmisher, a novice OgEE of Nemelex Xobeh (D:6)
  Joseph (D:8)
  Psyche (D:8)
  The ghost of DogShitOnMyToe the Ducker, an amateur MfCj (D:4)
  A hungry ghost (D:7)
  Edmund (D:5)
  A sky beast (D:5)
  An orc warrior (D:6)
  2 slaves
  An ogre (D:7)
  3 bullfrogs (D:6)
  3 scorpions
  A wyvern skeleton (D:7)
  Dowan (D:6)
  A howler monkey (D:7)
  4 wights (D:7)
  2 jellies
  3 orc priests
  Crazy Yiuf (D:7)
  A hound (D:6)
  4 orc wizards
  A centaur skeleton (D:5)
  2 iguanas (D:5)
  7 worker ants
  A killer bee zombie (D:6)
  A hound skeleton (D:5)
  A worker ant zombie (D:5)
  Robin (D:2)
  5 gnolls
  5 adders
  A howler monkey skeleton (D:5)
  A shadow imp (D:4)
  5 oozes
  5 worms
  A dart slug (D:2)
  A leopard gecko (D:6)
  18 orcs
  2 ball pythons
  2 giant cockroaches
  20 goblins
  8 hobgoblins
  12 jackals
  2 quokkas
  5 bats
  4 frilled lizards
  12 kobolds
  A quokka skeleton (D:4)
  6 rats
166 creatures vanquished.

Vanquished Creatures (collateral kills)
  The ghost of anfisbena the Arsonist, a novice GrFE of Vehumet (D:8)
  2 orcs (D:8)
3 creatures vanquished.

Vanquished Creatures (others)
  A human (D:4)
1 creature vanquished.

Grand Total: 170 creatures vanquished

Notes
Turn   | Place    | Note
-------+----------+-------------------------------------------
     0 | D:1      | dvd the Gargoyle Berserker began the quest for the Orb.
     0 | D:1      | Reached XP level 1. HP: 14/14 MP: 1/1
    85 | D:1      | Reached XP level 2. HP: 19/19 MP: 2/2
   338 | D:1      | Reached XP level 3. HP: 22/23 MP: 3/3
   711 | D:2      | Reached ** piety under Trog
   764 | D:2      | Noticed Robin
   780 | D:2      | Reached XP level 4. HP: 29/29 MP: 4/4
   784 | D:2      | Killed Robin
  1027 | D:2      | Reached skill level 4 in Maces & Flails
  1713 | D:3      | Reached XP level 5. HP: 33/33 MP: 5/5
  1775 | D:3      | Reached *** piety under Trog
  2585 | D:4      | Reached XP level 6. HP: 33/39 MP: 6/6
  2681 | D:4      | Noticed DogShitOnMyToe's ghost (amateur MfCj)
  2697 | D:4      | Killed DogShitOnMyToe's ghost
  2697 | D:4      | Reached skill level 5 in Maces & Flails
  2697 | D:4      | Reached skill level 1 in Shields
  3102 | D:4      | Reached XP level 7. HP: 27/44 MP: 7/7
  3615 | D:4      | Found an ancient bone altar of Kikubaaqudgha.
  3616 | D:4      | Noticed a human
  3619 | D:4      | Killed a human
  3649 | D:5      | Entered Level 5 of the Dungeon
  3840 | D:5      | Noticed Edmund
  3854 | D:5      | Killed Edmund
  3934 | D:5      | Reached skill level 6 in Maces & Flails
  4103 | D:5      | Reached skill level 5 in Fighting
  4284 | D:5      | Reached XP level 8. HP: 45/49 MP: 8/8
  4300 | D:5      | Reached **** piety under Trog
  4467 | D:5      | Got a smoking glaive
  4473 | D:5      | Identified the +6 glaive of dvd's Extinguishment {protect, Int+2 Dex+2} (You found it on level 5 of the Dungeon)
  4678 | D:6      | Found a staircase to the Ecumenical Temple.
  4684 | D:6      | Reached skill level 5 in Armour
  4687 | D:6      | Reached skill level 7 in Maces & Flails
  4936 | D:6      | Noticed newuser's ghost (novice OgEE)
  4955 | D:6      | Killed newuser's ghost
  4955 | D:6      | Reached skill level 8 in Maces & Flails
  4957 | Temple   | Entered the Ecumenical Temple
  5114 | D:6      | Noticed Pikel
  5121 | D:6      | Noticed Dowan
  5126 | D:6      | Killed Pikel
  5126 | D:6      | Reached XP level 9. HP: 49/55 MP: 9/9
  5133 | D:6      | Killed Dowan
  5485 | D:7      | Reached skill level 9 in Maces & Flails
  5636 | D:7      | Found a runed door.
  5653 | D:7      | Noticed Crazy Yiuf
  5657 | D:7      | Killed Crazy Yiuf
  5885 | D:7      | Found Began's Book Boutique.
  6182 | D:8      | Noticed Psyche
  6193 | D:8      | Killed Psyche
  6193 | D:8      | Reached skill level 1 in Stealth
  6226 | D:8      | Noticed anfisbena's ghost (novice GrFE)
  6231 | D:8      | Noticed Joseph
  6239 | D:8      | Paralysed by anfisbena's ghost for 5 turns
  6248 | D:8      | Killed anfisbena's ghost
  6248 | D:8      | Reached skill level 10 in Maces & Flails
  6248 | D:8      | Reached XP level 10. HP: 35/63 MP: 4/10
  6254 | D:8      | Killed Joseph
  6390 | D:8      | Noticed a two-headed ogre
  6397 | D:8      | Slain by a two-headed ogre

Skill      XL: |  1  2  3  4  5  6  7  8  9 |
---------------+----------------------------+-----
Dodging        | 2 3 4 |  4.6
Maces & Flails | 4 5 6 8 10 | 10.2
Fighting       | 4 5 7 |  7.1
Armour         | 3 4 6 |  6.2
Shields        | 1 2 4 |  4.7
Stealth        | 1 |  1.4

Action                   |  1- 3 |  4- 6 |  7- 9 | 10-12 || total
-------------------------+-------+-------+-------+-------++-------
Melee: Mace              |   112 |   171 |       |       ||   283
       Morningstar       |       |    96 |    47 |       ||   143
       Flail             |       |       |   267 |    19 ||   286
Invok: Berserk           |     1 |     2 |     4 |       ||     7
       Trog's Hand       |       |     2 |     1 |       ||     3
       Burn Spellbooks   |       |       |     1 |       ||     1
       Brothers in Arms  |       |       |     1 |       ||     1
  Use: Potion            |       |       |     1 |       ||     1
 Stab: Distracted        |     1 |       |       |       ||     1
  Eat: Chunk             |       |    11 |    14 |     2 ||    27
Armor: Animal skin       |    12 |       |       |       ||    12
       Chain mail        |    77 |   254 |       |       ||   331
       Scale mail        |       |     8 |   144 |       ||   152
       Robe              |       |       |    59 |     4 ||    63
Dodge: Dodged            |    60 |   133 |   178 |     4 ||   375
Block: Buckler           |    14 |    46 |    73 |     2 ||   135
